 Dungeon Crawl Stone Soup version 0.26-a0-497-g0187308201 (webtiles) character file.

Game seed: 13442033599287652644

154 KristoblXynda the Slasher (level 5, -4/49 HPs)
             Began as a Naga Berserker on Aug 6, 2020.
             Was a Believer of Trog.
             Slain by Grinder (6 damage)
             ... on level 3 of the Dungeon.
             The game lasted 00:03:27 (3134 turns).

KristoblXynda the Slasher (Naga Berserker)          Turns: 3134, Time: 00:03:27

Health: -4/49      AC:  5    Str: 26    XL:     5   Next: 36%
Magic:  5/5        EV:  9    Int:  7    God:    Trog [**....]
Gold:   132        SH:  0    Dex: 11    Spells: 4/4 levels left

rFire    . . .     SeeInvis +   a - +0 falchion
rCold    . . .     Faith    .   (no shield)
rNeg     . . .     Spirit   .   o - +0 scale mail
rPois    +         Reflect  .   (no helmet)
rElec    .         Harm     .   (no cloak)
rCorr    .                      (no gloves)
MR       ++...                  (no barding)
Stlth    +.........             (no amulet)
HPRegen  1.16/turn              m - +6 ring of strength
MPRegen  0.09/turn              (no ring)

@: berserk cooldown, regenerating, slowed, very slow
A: large, see invisible, deformed body, poison resistance, slowness 2, spit
poison 1, AC +1
a: Spit Poison, Berserk, Trog's Hand, Renounce Religion


You were on level 3 of the Dungeon.
You worshipped Trog.
Trog was pleased with you.
You visited 1 branch of the dungeon, and saw 3 of its levels.

You collected 132 gold pieces.

Inventory:

Hand Weapons
 a - a +0 falchion (weapon)
Armour
 o - a +0 scale mail (worn)
Jewellery
 m - a +6 ring of strength (left hand)
Scrolls
 d - a scroll of identify {unknown}
 e - 5 scrolls of teleportation {unknown}
 f - 4 scrolls of amnesia {unknown}
 g - a scroll of blinking {unknown}
 i - a scroll of enchant armour {unknown}
 j - 3 scrolls of immolation {unknown}
 l - a scroll of fog {unknown}
 n - a scroll of magic mapping {unknown}
Potions
 b - a potion of stabbing {unknown}
 c - a potion of magic
 h - a potion of brilliance {unknown}
 k - a potion of degeneration {unknown}


   Skills:
 - Level 3.0 Fighting
 + Level 3.8 Long Blades
 + Level 2.5 Armour
 + Level 2.5 Dodging
 + Level 3.6 Stealth


You had 4 spell levels left.
You didn't know any spells.
Your spell library was empty.

Dungeon Overview and Level Annotations

Branches:
Dungeon (3/15)

Altars:
Elyvilon
Gozag
Zin

Annotations:
D:3 Grinder


Innate Abilities, Weirdness & Mutations

You cannot wear boots.
Your serpentine skin is tough. (AC +1)
You have supernaturally acute eyesight. (SInv)
Armour fits poorly on your strangely shaped body.
Your system is resistant to poisons. (rPois)
You cover ground very slowly.
You can spit poison.


Message History

Your skin crawls.
You feel resistant to hostile enchantments.
Grinder hits you.
You writhe in agony.
You barely miss Grinder.
Grinder is heavily wounded.
Grinder hits you.
You writhe in agony.
* * * LOW HITPOINT WARNING * * *
Grinder hits you.
* * * LOW HITPOINT WARNING * * *
You writhe in agony.
* * * LOW HITPOINT WARNING * * *
It was a potion of magic.
Magic courses through your body.
You have got your breath back.
Grinder barely misses you.
Unknown command.
Okay, then.
Grinder hits you.
* * * LOW HITPOINT WARNING * * *
You writhe in agony.
You die...

...?........#
.............#
.............#
.............#
.............#
.............#
.............#
....................#
................@...#
................5...##
.....................#
................†....#
.....................#
.....................#
.....................#
.....................#
...)..(.....)........#


You could see Grinder.

Vanquished Creatures
  A bullfrog skeleton (D:3)
  6 adders
  A worm (D:2)
  2 dart slugs (D:1)
  3 leopard geckos
  An orc (D:3)
  A ball python (D:1)
  8 bats
  5 giant cockroaches
  6 goblins
  11 hobgoblins
  A quokka (D:2)
  A frilled lizard (D:1)
  4 kobolds
  9 rats
60 creatures vanquished.

Notes
Turn   | Place    | Note
-------+----------+-------------------------------------------
     0 | D:1      | KristoblXynda the Naga Berserker began the quest for the
                  | Orb.
     0 | D:1      | Reached XP level 1. HP: 21/21 MP: 1/1
   116 | D:1      | Reached skill level 1 in Stealth
   120 | D:1      | Reached XP level 2. HP: 24/28 MP: 2/2
   679 | D:1      | Reached XP level 3. HP: 28/34 MP: 3/3
  1355 | D:2      | Found a white marble altar of Elyvilon.
  1717 | D:2      | Reached XP level 4. HP: 37/42 MP: 4/4
  1942 | D:2      | Reached ** piety under Trog
  2484 | D:2      | Found a glowing silver altar of Zin.
  2485 | D:2      | Found an opulent altar of Gozag.
  2751 | D:3      | Reached XP level 5. HP: 34/49 MP: 5/5
  3112 | D:3      | Noticed Grinder
  3134 | D:3      | HP: 2/49 [Grinder (6)]
  3134 | D:3      | Slain by Grinder

Illustrated notes

Levels and vault maps discovered:
D:1:      eino_arrival_cavern_d, layout_loops_ring, hangedman_decor_slide_cut,
          chequers_serial_rivers_small_b
D:2:      cheibrodos_helix_gallery, layout_loops_corners,
          grunt_temple_overflow_gold_and_silver, elyvilon_altar_5
D:3:      layout_basic, uniq_grinder

Skill      XL: |  1  2  3  4 |
---------------+-------------+-----
Stealth        | 1 2 3 |  3.6
Armour         | 2 |  2.5
Dodging        | 2 |  2.5
Fighting       | |  3.0
Long Blades    | |  3.8

Action                   |  1- 3 |  4- 6 || total
-------------------------+-------+-------++-------
Melee: Falchion          |    97 |    93 ||   190
Invok: Berserk           |       |     1 ||     1
       Trog's Hand       |       |     1 ||     1
 Abil: Spit Poison       |       |     2 ||     2
  Use: Potion            |       |     1 ||     1
 Stab: Sleeping          |     1 |     2 ||     3
Armor: Animal skin       |    22 |       ||    22
       Ring mail         |    12 |    35 ||    47
       Scale mail        |       |     1 ||     1
Dodge: Dodged            |    74 |    55 ||   129
       Rpst.: Falchion   |    24 |    14 ||    38

Table legend: (Time is in decaauts)
 A = Elapsed time spent in this place.
 B = Non-inter-level travel time spent in this place.
 C = Inter-level travel time spent in this place.
 D = Time resting spent in this place.
 E = Time spent auto-exploring this place.
 F = Levels seen in this place.
 G = Mean time per level.
                   A        B        C        D        E       F      G
               +--------+--------+--------+--------+--------+-----+--------+
         Total |   3842 |   3638 |    204 |    538 |   2332 |   3 | 1280.7 |
       Dungeon |   3842 |   3638 |    204 |    538 |   2332 |   3 | 1280.7 |
               +--------+--------+--------+--------+--------+-----+--------+

Top non-repeatable levels by time:
     D:2: 1857 daAuts
     D:1: 1405 daAuts
     D:3: 579 daAuts
